[Event "Titled Tuesday Blitz January 31 Early 2023"]
[White "Aradhya, Garg"]
[Black "Iljin, Timofey"]
[WhiteFideId "25006746"]
[BlackFideId "14110180"]
[WhiteElo "2284"]
[BlackElo "2329"]
[Result "1-0"]
[Round "07"]
[TimeControl "180+2"]
[Date "2023.01.31"]
[WhiteClock "0:01:43"]
[BlackClock "0:01:03"]

1. d4 d5 2. c4 e6 3. Nc3 Nf6 4. Nf3 c6 5. e3 Nbd7 6. Nd2 Bd6 7. g3 O-O 8. Bg2 b6 9. O-O Bb7 10. e4 dxe4 11. Ndxe4 Nxe4 12. Nxe4 Be7 13. b3 Nf6 14. Nc3 Qc7 15. Bf4 Bd6 16. Bg5 Be7 17. Qf3 Rad8 18. Rad1 h6 19. Bf4 Bd6 20. Bxh6 Rd7 21. Bg5 Nh7 22. Be3 Qd8 23. c5 Be7 24. h4 Nf6 25. h5 Nd5 26. Nxd5 Rxd5 27. Qg4 Rd7 28. Rc1 bxc5 29. dxc5 Qa5 30. Bd4 Bg5 31. Bxg7 f5 32. Qxg5 Rxg7 33. Qe3 Re7 34. h6 e5 35. Qg5+ Kh8 36. Qxe7 Rg8 37. Qf6+ Kh7 38. Qxf5+ Rg6 39. Be4 Kxh6 40. Qxg6# 1-0


[Site "https://www.chess.com"]

[Event "Titled Tuesday Blitz January 31 Early 2023"]
[White "Martinez Ramirez, Lennis"]
[Black "Shohat, Yotam"]
[WhiteFideId "3509079"]
[BlackFideId "2813955"]
[WhiteElo "2426"]
[BlackElo "2346"]
[Result "1-0"]
[Round "07"]
[TimeControl "180+2"]
[Date "2023.01.31"]
[WhiteClock "0:00:16"]
[BlackClock "0:00:03"]

1. d4 Nf6 2. c4 c5 3. d5 e6 4. Nc3 exd5 5. cxd5 d6 6. Nf3 g6 7. Bf4 Bg7 8. Qa4+ Bd7 9. Qb3 b5 10. Bxd6 Qb6 11. Be5 c4 12. Qd1 b4 13. Bd4 Qa5 14. Ne4 Nxe4 15. Bxg7 Rg8 16. Qd4 b3+ 17. Kd1 Nxf2+ 18. Qxf2 Rxg7 19. Qd4 Rg8 20. e4 Nc6 21. dxc6 O-O-O 22. cxd7+ Rxd7 23. Qxd7+ Kxd7 24. Bxc4 bxa2 25. Rxa2 Qc5 26. Bxf7 Rc8 27. Ke2 Qb5+ 28. Ke3 Qc5+ 29. Nd4 Qg5+ 30. Kd3 Qxg2 31. Rxa7+ Kd6 32. e5+ Kxe5 33. Re1+ Kf6 34. Re6+ Kg5 35. Re2 Qh3+ 36. Re3 Qf1+ 37. Ke4 Qb1+ 38. Ke5 Rc5+ 39. Kd6 Qc1 40. Ne6+ Kh4 41. Nxc5 Qxe3 42. Bd5 Qd4 43. b3 Qf4+ 44. Kc6 Qf6+ 45. Be6 Qf3+ 46. Kb5 Qe2+ 47. Bc4 Qxh2 48. Rxh7+ 1-0


[Site "https://www.chess.com"]

[Event "Titled Tuesday Blitz January 31 Early 2023"]
[White "Gheorghiu, Calin"]
[Black "Sipila, Vilka"]
[WhiteFideId "1200305"]
[BlackFideId "505455"]
[WhiteElo "2313"]
[BlackElo "2427"]
[Result "0-1"]
[Round "07"]
[TimeControl "180+2"]
[Date "2023.01.31"]
[WhiteClock "0:00:06"]
[BlackClock "0:01:32"]

1. e4 d6 2. d4 Nf6 3. Nc3 g6 4. f4 Bg7 5. Nf3 O-O 6. Bd3 Nc6 7. e5 dxe5 8. fxe5 Nh5 9. Be3 Bg4 10. Be4 f6 11. exf6 exf6 12. O-O f5 13. Bxc6 bxc6 14. h3 Bxf3 15. Qxf3 Bxd4 16. Rad1 Bxe3+ 17. Qxe3 Qf6 18. Rd7 Rf7 19. Rfd1 f4 20. Qf3 Raf8 21. Ne4 Qxb2 22. Ng5 Rxd7 23. Rxd7 Ng3 24. Kh2 Qb1 25. Qb3+ Qxb3 26. axb3 h6 27. Ne6 Re8 28. Rg7+ Kh8 29. Rxg6 Kh7 30. Nxf4 Nf1+ 31. Kg1 Rf8 32. Ne6 Rf5 33. Rg4 Ne3 34. Ra4 Rf1+ 35. Kh2 Rf2 36. Kg3 Rxg2+ 37. Kf3 Rg1 38. Kf2 Rh1 39. Nf8+ Kg8 40. Kxe3 Rxh3+ 41. Kf4 Rh4+ 42. Kf5 Rxa4 43. bxa4 Kxf8 44. Kg6 Ke7 45. Kxh6 Kd6 46. Kg6 Kc5 47. Kf6 Kb4 48. Ke6 Kxa4 49. Kd7 Kb5 50. Kxc7 a5 0-1


[Site "https://www.chess.com"]

[Event "Titled Tuesday Blitz January 31 Early 2023"]
[White "Kvaloy, Aksel Bu"]
[Black "Bilan, Danila"]
[WhiteFideId "1528815"]
[BlackFideId "24161918"]
[WhiteElo "2321"]
[BlackElo "2303"]
[Result "1-0"]
[Round "07"]
[TimeControl "180+2"]
[Date "2023.01.31"]
[WhiteClock "0:00:17"]
[BlackClock "0:00:04"]

1. d4 d5 2. c4 c6 3. Nf3 Nf6 4. Qc2 g6 5. Nc3 Bg7 6. e3 Bf5 7. Qb3 Qb6 8. c5 Qc7 9. Be2 Nbd7 10. O-O O-O 11. Qd1 e5 12. Nxe5 Nxe5 13. dxe5 Qxe5 14. Bd3 Ng4 15. g3 Bxd3 16. Qxd3 Qh5 17. h4 Ne5 18. Qd1 Qf5 19. Kg2 Rfe8 20. b3 Nd7 21. Bb2 Nxc5 22. Qd2 Nd3 23. Ba3 b5 24. Rad1 Ne5 25. Qe2 a5 26. Bb2 h5 27. e4 dxe4 28. Qxe4 Ng4 29. Qxf5 gxf5 30. Rd6 b4 31. Na4 Bxb2 32. Nxb2 Re2 33. Nc4 Rxa2 34. Rxc6 a4 35. Rb6 axb3 36. Rxb4 b2 37. Rxb2 Rxb2 38. Nxb2 Ra2 39. Nd3 Ne3+ 40. Kg1 Nxf1 41. Kxf1 Kg7 42. Nf4 Kh6 43. Kg2 Rb2 44. Kf3 Rb3+ 45. Kg2 Rb8 46. Kf3 Rh8 47. Nh3 Kg6 48. Nf4+ Kf6 49. Kg2 Ke5 50. Kf3 f6 51. Nd3+ Kd4 52. Nf4 Rh7 53. Nh3 Ke5 54. Nf4 Rh6 55. Nd3+ Kd4 56. Nf4 Ke5 57. Ng2 Ke6 58. Kf4 Rh8 59. Kf3 Ra8 60. Nf4+ Ke5 61. Nxh5 Ra3+ 62. Kg2 Ke4 63. Nf4 Ra8 64. Ng6 Rg8 65. h5 Rg7 66. f3+ Ke3 67. Nh4 Ke2 68. Nxf5 Rh7 69. g4 Kd3 70. Kg3 Ke2 71. f4 Rd7 72. g5 Rd3+ 73. Kg4 fxg5 74. fxg5 Rd4+ 75. Nxd4+ 1-0


[Site "https://www.chess.com"]

[Event "Titled Tuesday Blitz January 31 Early 2023"]
[White "Sychev, Klementy"]
[Black "Tomaszewski, Kacper"]
[WhiteFideId "4114060"]
[BlackFideId "1127373"]
[WhiteElo "2547"]
[BlackElo "2313"]
[Result "1-0"]
[Round "07"]
[TimeControl "180+2"]
[Date "2023.01.31"]
[WhiteClock "0:00:58"]
[BlackClock "0:00:02"]

1. e4 e5 2. Nf3 Nc6 3. Bb5 Nge7 4. Nc3 a6 5. Bc4 Ng6 6. h4 Be7 7. h5 Nf4 8. d4 exd4 9. Nd5 Ne6 10. h6 g6 11. Bd2 b5 12. Bb3 Bb7 13. c3 O-O 14. O-O Re8 15. Rc1 d3 16. Be3 Bf8 17. Qxd3 Nc5 18. Bxc5 Bxc5 19. Rcd1 Ne5 20. Nxe5 Rxe5 21. Qg3 d6 22. Qf4 Qg5 23. g3 Bxd5 24. Bxd5 Rf8 25. Kg2 Qxf4 26. gxf4 Rh5 27. Rh1 Rxh1 28. Rxh1 Rb8 29. b4 Bb6 30. a4 a5 31. axb5 axb4 32. cxb4 Bd4 33. Rc1 Bb6 34. Kf3 Kf8 35. Bc4 Ke7 36. Ra1 Bd4 37. Ra2 Bb6 38. Bd5 f6 39. Bc6 Bd4 40. Rd2 Bb6 41. Rd1 Rd8 42. f5 g5 43. Ke2 Rb8 44. Rg1 Bd4 45. Rg3 Be5 46. Ra3 Bd4 47. f3 Bb6 48. Kd3 Rf8 49. Ra2 Rb8 50. Rg2 Rf8 51. Bd5 Kd8 52. Rg4 Re8 53. f4 gxf4 54. Rxf4 Re7 55. Rg4 Kd7 56. Bc6+ Kd8 57. Rg8+ 1-0


[Site "https://www.chess.com"]

[Event "Titled Tuesday Blitz January 31 Early 2023"]
[White "Ibarra Jerez, Jose Carlos"]
[Black "Womacka, Mathias"]
[WhiteFideId "2226332"]
[BlackFideId "4611390"]
[WhiteElo "2563"]
[BlackElo "2396"]
[Result "1/2-1/2"]
[Round "07"]
[TimeControl "180+2"]
[Date "2023.01.31"]
[WhiteClock "0:00:14"]
[BlackClock "0:00:05"]

1. e4 c5 2. Nc3 Nc6 3. Nge2 e5 4. Nd5 Nce7 5. Nec3 Nxd5 6. Nxd5 Nf6 7. Bc4 Be7 8. d3 O-O 9. O-O d6 10. f4 exf4 11. Bxf4 Be6 12. Nxe7+ Qxe7 13. Bg5 Bxc4 14. Bxf6 gxf6 15. dxc4 Qxe4 16. Qxd6 Qxc4 17. Qxf6 Qd4+ 18. Qxd4 cxd4 19. Rad1 Rac8 20. Rf2 Rc4 21. b3 Rc3 22. Rxd4 Rfc8 23. Rg4+ Kf8 24. Rgf4 R8c7 25. h3 Kg8 26. Rb4 Rxc2 27. Rxc2 Rxc2 28. a4 b6 29. Rg4+ Kf8 30. b4 Ra2 31. b5 f6 32. Kh2 Kf7 33. Kg3 f5 34. Rc4 Kg6 35. h4 Kh5 36. Kh3 Ra3+ 37. g3 Ra2 38. Rd4 Ra3 39. Rc4 Ra2 40. Rc7 Rxa4 41. Rxh7+ Kg6 42. Rc7 Ra5 43. Rd7 Rxb5 44. Rxa7 Rb3 45. Kg2 Rb2+ 46. Kf3 Rb3+ 47. Kf4 Rb4+ 48. Ke5 Rg4 49. Ra8 Kg7 50. Ra7+ Kg6 51. Rb7 Rxg3 52. Rxb6+ Kh5 53. Kxf5 Rf3+ 54. Ke4 Rf1 55. Rb4 Kxh4 56. Ra4 Kg3 57. Ra3+ Kg4 58. Ra8 Re1+ 59. Kd3 Kf4 60. Rf8+ Kg5 61. Rf2 Re7 62. Rf8 Re6 63. Kd4 Re1 64. Rh8 Kf5 65. Rh2 Rd1+ 66. Ke3 Rd7 67. Rh5+ Kg4 68. Re5 Rd6 69. Re7 Kf5 70. Rc7 Re6+ 71. Kf3 Rd6 72. Rc5+ Ke6 73. Ke4 Ra6 74. Rh5 Ra4+ 75. Kd3 Rb4 76. Rc5 Ra4 77. Rb5 Rg4 78. Rb6+ Kd5 79. Rb8 Rg3+ 80. Ke2 Kd4 81. Kf2 Rc3 82. Re8 Kc4 83. Ke2 Kd4 84. Kd2 Ra3 85. Rd8+ Ke4 86. Kc2 Rg3 87. Rf8 Kd4 88. Rf6 Rg2+ 89. Kb3 Rg3+ 90. Kb4 Kd5 91. Rf5+ Ke4 92. Rh5 Rg4 93. Kc5 Ke3 94. Kd5 Ra4 95. Rh3+ Kd2 96. Rb3 Ra5+ 97. Kc4 Ra4+ 98. Kb5 Re4 99. Rg3 Re3 100. Rg2+ Kd3 101. Kc5 Re5+ 102. Kd6 Rf5 103. Ke6 Rb5 104. Ra2 Ke3 105. Ra3+ Ke4 1/2-1/2


[Site "https://www.chess.com"]

[Event "Titled Tuesday Blitz January 31 Early 2023"]
[White "Vestby-Ellingsen, Mads"]
[Black "Koelle, Tobias"]
[WhiteFideId "1520857"]
[BlackFideId "16207378"]
[WhiteElo "2387"]
[BlackElo "2432"]
[Result "0-1"]
[Round "07"]
[TimeControl "180+2"]
[Date "2023.01.31"]
[WhiteClock "0:00:01"]
[BlackClock "0:00:30"]

1. c4 e6 2. e4 d6 3. d4 g6 4. Nc3 h6 5. f4 f6 6. Nf3 c6 7. Bd3 b6 8. e5 f5 9. exd6 Bxd6 10. Qe2 Ne7 11. Bd2 O-O 12. h3 c5 13. dxc5 bxc5 14. g4 Nbc6 15. gxf5 Nxf5 16. Qg2 Qe8 17. Rg1 Kh7 18. h4 Rg8 19. Ne4 Be7 20. Bc3 Bb7 21. Neg5+ hxg5 22. hxg5 Ncd4 23. Bxf5 Bxf3 24. Rh1+ Kg7 25. Qxf3 exf5 26. O-O-O Rd8 27. Qf2 Kf8 28. Rhe1 Qc6 29. Qh4 Rd7 30. Qh7 Rg7 31. Qh8+ Kf7 32. Re5 Qa4 33. Rde1 Qc2# 0-1


[Site "https://www.chess.com"]

[Event "Titled Tuesday Blitz January 31 Early 2023"]
[White "Przybylski, Wojciech"]
[Black "Preotu, Razvan"]
[WhiteFideId "1117599"]
[BlackFideId "2613280"]
[WhiteElo "2321"]
[BlackElo "2475"]
[Result "0-1"]
[Round "07"]
[TimeControl "180+2"]
[Date "2023.01.31"]
[WhiteClock "0:00:04"]
[BlackClock "0:00:07"]

1. e4 c5 2. Nf3 d6 3. d4 cxd4 4. Nxd4 Nf6 5. Nc3 a6 6. Be3 e5 7. Nb3 Be6 8. Be2 Nbd7 9. O-O Be7 10. f3 O-O 11. Nd5 Nxd5 12. exd5 Bf5 13. c4 a5 14. Rc1 b6 15. f4 exf4 16. Bxf4 Bg5 17. Bxd6 Bxc1 18. Nxc1 Bg6 19. Bxf8 Qxf8 20. Qd4 Qd6 21. Nd3 Re8 22. Bf3 Bxd3 23. Qxd3 Qc5+ 24. Kh1 Ne5 25. Qe4 Qxc4 26. Qxc4 Nxc4 27. Rc1 Nxb2 28. d6 Kf8 29. Bc6 Rd8 30. d7 Nd3 31. Rd1 Ne5 32. Bb5 Ke7 33. Re1 f6 34. Kg1 Kd6 35. Rd1+ Kc5 36. a4 Nf7 37. Rc1+ Kd6 38. Rc6+ Ke5 39. Rxb6 Nd6 40. Bc6 Kd4 41. Bf3 Rxd7 42. Ra6 Nc4 43. Kf2 Kc5 44. Ra8 Kb4 45. Rh8 Ne5 46. Rb8+ Kxa4 47. Be2 Ka3 48. Ra8 a4 49. Bb5 Rd4 50. Ke3 Rb4 51. Be2 Kb2 52. Rd8 a3 53. Rd2+ Kc3 54. Bd1 Rb2 55. Rd8 a2 56. Ra8 Nc4+ 57. Ke4 Nd2+ 58. Kd5 Nb3 59. Bxb3 Kxb3 60. Rb8+ Kc3 61. Ra8 Rxg2 62. Kc5 Rxh2 63. Ra3+ Kb2 64. Ra7 a1=Q 65. Rb7+ Kc3 66. Kd6 Qa3+ 67. Ke6 Re2+ 68. Kf7 Qd6 69. Kg8 Qd5+ 70. Kxh7 Qxb7 71. Kg6 Rg2+ 72. Kh7 g5+ 73. Kh6 g4 74. Kh5 g3 75. Kh4 Rh2+ 76. Kg4 g2 77. Kf5 g1=Q 78. Kf4 Qd4+ 79. Kf5 Qde4+ 80. Kxf6 Qbe7# 0-1


[Site "https://www.chess.com"]

[Event "Titled Tuesday Blitz January 31 Early 2023"]
[White "Llanos, Guillermo"]
[Black "Goltsev, Dmitry"]
[WhiteFideId "100358"]
[BlackFideId "24176710"]
[WhiteElo "2290"]
[BlackElo "2269"]
[Result "0-1"]
[Round "07"]
[TimeControl "180+2"]
[Date "2023.01.31"]
[WhiteClock "0:00:03"]
[BlackClock "0:01:38"]

1. Nf3 d5 2. e3 c6 3. c4 Nf6 4. Nc3 g6 5. d4 Bg7 6. Be2 O-O 7. O-O Ne4 8. Nxe4 dxe4 9. Nd2 f5 10. f3 exf3 11. Nxf3 Nd7 12. b4 e5 13. Bb2 e4 14. Ne1 a5 15. a3 Qe7 16. Qb3 a4 17. Qd1 Qg5 18. Nc2 c5 19. Qe1 b6 20. Bc3 Bb7 21. g3 Rac8 22. bxc5 bxc5 23. Rb1 Ba6 24. d5 Ne5 25. Bxe5 Bxe5 26. Rb6 Ra8 27. Qf2 f4 28. exf4 Bxf4 29. Qxc5 Bxg3 30. hxg3 Qxg3+ 31. Kh1 Qh3+ 32. Kg1 Qg3+ 33. Kh1 Rxf1+ 34. Bxf1 Rf8 35. Bg2 Rf2 36. Rb8+ Kg7 37. Qd4+ Kf7 38. Qxe4 Rf4 39. Qe6+ Kg7 40. Rg8+ Kh6 41. Qh3+ Rh4 42. Qxh4+ Qxh4+ 43. Kg1 Bxc4 44. Rc8 Bd3 0-1


[Site "https://www.chess.com"]

[Event "Titled Tuesday Blitz January 31 Early 2023"]
[White "Tristan, Leonardo"]
[Black "Ljukin, Sergei"]
[WhiteFideId "113816"]
[BlackFideId "14102200"]
[WhiteElo "2545"]
[BlackElo "2362"]
[Result "1-0"]
[Round "07"]
[TimeControl "180+2"]
[Date "2023.01.31"]
[WhiteClock "0:02:16"]
[BlackClock "0:01:59"]

1. d4 d5 2. Nf3 Nf6 3. Bf4 c5 4. e3 Nc6 5. Nbd2 e6 6. c3 Bd6 7. Bg3 O-O 8. Bb5 Qe7 9. Bxc6 bxc6 10. Qa4 Bd7 11. Bxd6 Qxd6 12. Qa3 a5 13. Qxc5 Qxc5 14. dxc5 Rfb8 15. b3 Rb5 16. c4 Rxc5 17. Ne5 1-0


[Site "https://www.chess.com"]

[Event "Titled Tuesday Blitz January 31 Early 2023"]
[White "Ongut, Tamas Gunes"]
[Black "Nigmatov, Ortik"]
[WhiteFideId "770280"]
[BlackFideId "14202131"]
[WhiteElo "2299"]
[BlackElo "2438"]
[Result "1-0"]
[Round "07"]
[TimeControl "180+2"]
[Date "2023.01.31"]
[WhiteClock "0:02:05"]
[BlackClock "0:01:11"]

1. e4 c5 2. Nf3 e6 3. d4 cxd4 4. Nxd4 Nf6 5. Nc3 d6 6. g4 e5 7. Nf5 h5 8. Bg5 hxg4 9. Nd5 Bxf5 10. exf5 Qa5+ 11. Nc3 Ne4 12. Bb5+ Nc6 13. Qd5 Qb6 14. Nxe4 a6 15. Bxc6+ bxc6 16. Nxd6+ 1-0


[Site "https://www.chess.com"]

[Event "Titled Tuesday Blitz January 31 Early 2023"]
[White "Starozhilov, Leonid"]
[Black "Kochetov, Andrey"]
[WhiteFideId "14106752"]
[BlackFideId "24130532"]
[WhiteElo "2313"]
[BlackElo "2165"]
[Result "1-0"]
[Round "07"]
[TimeControl "180+2"]
[Date "2023.01.31"]
[WhiteClock "0:00:34"]
[BlackClock "0:00:36"]

1. e4 c5 2. Nf3 d6 3. Bb5+ Nc6 4. O-O Bd7 5. Re1 a6 6. Bxc6 Bxc6 7. c3 Nf6 8. d4 cxd4 9. cxd4 g6 10. Nc3 Bg7 11. Bg5 O-O 12. Rc1 Rc8 13. h3 b5 14. a3 Qb6 15. e5 dxe5 16. dxe5 Nd7 17. Nd5 Bxd5 18. Qxd5 Qd8 19. e6 Rxc1 20. exf7+ Kh8 21. Rxc1 Ne5 22. Qxd8 Nxf3+ 23. gxf3 Rxd8 24. Bxe7 Ra8 25. Re1 Bf8 26. Bf6+ Bg7 27. Re8+ Rxe8 28. fxe8=R# 1-0


[Site "https://www.chess.com"]

[Event "Titled Tuesday Blitz January 31 Early 2023"]
[White "Ronka, Erik"]
[Black "Koellner, Ruben Gideon"]
[WhiteFideId "505080"]
[BlackFideId "12993093"]
[WhiteElo "2276"]
[BlackElo "2426"]
[Result "1-0"]
[Round "07"]
[TimeControl "180+2"]
[Date "2023.01.31"]
[WhiteClock "0:00:08"]
[BlackClock "0:00:04"]

1. e4 d6 2. d4 Nf6 3. f3 e5 4. Ne2 Nbd7 5. c4 Be7 6. Nbc3 h6 7. Be3 Nh7 8. Qd2 Bg5 9. h4 Bxe3 10. Qxe3 c6 11. O-O-O Qa5 12. g4 Nhf8 13. Bh3 Qb6 14. g5 hxg5 15. hxg5 Ng6 16. Bf5 Rxh1 17. Rxh1 Ndf8 18. c5 dxc5 19. dxc5 Qc7 20. Bxc8 Rxc8 21. Ng3 Ne7 22. Nf5 Nxf5 23. exf5 Qe7 24. Ne4 Rd8 25. Nd6+ Kd7 26. Nxb7 Rb8 27. Nd6 Kc7 28. f4 f6 29. gxf6 gxf6 30. fxe5 Qxe5 31. Qxe5 fxe5 32. Kc2 Rb4 33. a3 Rf4 34. Rh8 Rf2+ 35. Kb3 Rf3+ 36. Ka2 e4 37. Rxf8 e3 38. Re8 Kd7 39. Re4 a5 40. f6 Rxf6 41. Rxe3 Rh6 42. Rc3 Rh4 43. Rc4 Rh5 44. b4 a4 45. Kb2 Rh2+ 46. Rc2 Rh3 47. Nc4 Rb3+ 48. Ka2 Kc7 49. Nb6 Rh3 50. Nxa4 Kb7 51. Nc3 Ka6 52. Kb3 Rh4 53. a4 Rh6 54. b5+ Ka5 55. Rd2 Rh3 56. Kc4 1-0


[Site "https://www.chess.com"]

[Event "Titled Tuesday Blitz January 31 Early 2023"]
[White "Guliev, Logman"]
[Black "Vlassov, Nikolai"]
[WhiteFideId "13400061"]
[BlackFideId "4103360"]
[WhiteElo "2250"]
[BlackElo "2283"]
[Result "0-1"]
[Round "07"]
[TimeControl "180+2"]
[Date "2023.01.31"]
[WhiteClock "0:00:10"]
[BlackClock "0:00:47"]

1. e4 Nc6 2. d4 d5 3. e5 h5 4. c3 Bg4 5. Be2 Qd7 6. h3 Bxe2 7. Nxe2 O-O-O 8. O-O f6 9. f4 g5 10. exf6 g4 11. h4 Nxf6 12. Ng3 e6 13. f5 e5 14. Bg5 Be7 15. dxe5 Nxe5 16. Qd4 Nc6 17. Qd3 Rdf8 18. Nd2 Nh7 19. Bxe7 Qxe7 20. f6 Nxf6 21. Nb3 Ne4 22. Rae1 Qxh4 23. Nxe4 dxe4 24. Qxe4 Rxf1+ 25. Rxf1 Qe7 26. Qf5+ Kb8 27. Nc5 b6 28. Nd7+ Kb7 29. Qd5 Rh6 0-1


[Site "https://www.chess.com"]

[Event "Titled Tuesday Blitz January 31 Early 2023"]
[White "Cunha, Lucas Aguiar"]
[Black "Nguyen Hong Nhung"]
[WhiteFideId "2125404"]
[BlackFideId "12412201"]
[WhiteElo "2309"]
[BlackElo "2003"]
[Result "1-0"]
[Round "07"]
[TimeControl "180+2"]
[Date "2023.01.31"]
[WhiteClock "0:00:26"]
[BlackClock "0:00:03"]

1. e4 c5 2. Nf3 e6 3. d4 cxd4 4. Nxd4 Nc6 5. Nc3 Qc7 6. Ndb5 Qb8 7. Be3 a6 8. Bb6 axb5 9. Nxb5 Bb4+ 10. c3 Ba5 11. Nd6+ Qxd6 12. Qxd6 Bxb6 13. a4 Bd8 14. Bb5 Be7 15. Qg3 Nf6 16. e5 Nh5 17. Qf3 g6 18. Qe4 O-O 19. f4 d6 20. exd6 Bxd6 21. O-O Nf6 22. Qd3 Rd8 23. Kh1 Bc7 24. Qf3 Bd7 25. Rad1 Nd5 26. f5 Ne5 27. Qg3 Bxb5 28. axb5 Nc4 29. Qh4 Nce3 30. fxe6 Nxf1 31. exf7+ Kg7 32. Rxf1 Nf4 33. g3 Nd5 34. Qd4+ Kh6 35. c4 Ne7 36. Qe3+ Kg7 37. Qxe7 Bd6 38. f8=Q# 1-0


[Site "https://www.chess.com"]

[Event "Titled Tuesday Blitz January 31 Early 2023"]
[White "Taspinar, Yanki"]
[Black "Vovk, Orest"]
[WhiteFideId "34561188"]
[BlackFideId "14113490"]
[WhiteElo "2262"]
[BlackElo "2315"]
[Result "1-0"]
[Round "07"]
[TimeControl "180+2"]
[Date "2023.01.31"]
[WhiteClock "0:00:04"]
[BlackClock "0:00:01"]

1. Nf3 Nf6 2. g3 d5 3. Bg2 c6 4. O-O g6 5. d4 Bg7 6. b3 O-O 7. Bb2 Bg4 8. Nbd2 Qd7 9. Ne5 Qe6 10. Nxg4 Qxg4 11. c4 a5 12. Rc1 a4 13. Nf3 axb3 14. axb3 Ne4 15. Ne5 Bxe5 16. dxe5 Ra2 17. Rc2 Qf5 18. Qd4 Nxg3 19. Rd2 Ne4 20. Bxe4 dxe4 21. Rfd1 Na6 22. Qb6 Qc8 23. Bc3 Rxd2 24. Rxd2 Nc7 25. Qe3 Qg4+ 26. Qg3 Qf5 27. Bb4 Ra8 28. Bxe7 Ra1+ 29. Kg2 Ne6 30. e3 h6 31. Bf6 Kh7 32. h4 g5 33. h5 g4 34. b4 Qf3+ 35. Qxf3 gxf3+ 36. Kh2 Re1 37. Rd7 Rf1 38. Bh4 Ng5 39. e6 Nxe6 40. Rxf7+ Kg8 41. Rxb7 Ng5 42. b5 1-0


[Site "https://www.chess.com"]

[Event "Titled Tuesday Blitz January 31 Early 2023"]
[White "Erzhanov, Arman"]
[Black "Panesso Rivera, Henry"]
[WhiteFideId "4138821"]
[BlackFideId "4402707"]
[WhiteElo "2228"]
[BlackElo "2342"]
[Result "0-1"]
[Round "07"]
[TimeControl "180+2"]
[Date "2023.01.31"]
[WhiteClock "0:00:10"]
[BlackClock "0:00:46"]

1. e4 e5 2. Nf3 Nc6 3. Bb5 a6 4. Bxc6 dxc6 5. O-O f6 6. d4 Bg4 7. dxe5 Qxd1 8. Rxd1 Bxf3 9. Rd3 Bh5 10. exf6 Nxf6 11. f3 Bc5+ 12. Kh1 Rd8 13. Nd2 Rxd3 14. cxd3 Bf7 15. Nb3 Bxb3 16. axb3 Bd4 17. Bf4 Kd7 18. Ra2 c5 19. g3 Rf8 20. Kg2 h6 21. Bc1 Ne8 22. Ra4 Nd6 23. f4 Nb5 24. g4 Rd8 25. e5 Ke6 26. Kf3 g5 27. fxg5 hxg5 28. Bxg5 Rf8+ 29. Kg2 Rf2+ 30. Kg3 Rxb2 31. Bf4 Rxb3 32. h4 Rxd3+ 33. Kg2 Bxe5 34. Re4 Rd5 35. h5 Nd6 36. Re2 Nf7 37. g5 Nxg5 38. Bxg5 Kd6 39. h6 Bd4 40. Bf4+ Kc6 41. Kf3 a5 42. Kg4 a4 43. h7 Rd7 44. Rh2 Bh8 45. Kf5 b5 46. Be5 Rd5 47. Rh6+ Kb7 48. Re6 a3 49. Ke4 Rxe5+ 50. Rxe5 Bxe5 51. Kxe5 a2 0-1


[Site "https://www.chess.com"]

[Event "Titled Tuesday Blitz January 31 Early 2023"]
[White "Donskov, Anatoly"]
[Black "Dimitrov, Atanas"]
[WhiteFideId "24143413"]
[BlackFideId "2901315"]
[WhiteElo "2279"]
[BlackElo "2269"]
[Result "0-1"]
[Round "07"]
[TimeControl "180+2"]
[Date "2023.01.31"]
[WhiteClock "0:00:02"]
[BlackClock "0:00:35"]

1. e4 c5 2. Nf3 d6 3. d4 cxd4 4. Nxd4 Nf6 5. Nc3 g6 6. Be3 Bg7 7. f3 O-O 8. Qd2 Nc6 9. Bc4 Bd7 10. O-O-O Ne5 11. Bb3 Rc8 12. h4 h5 13. Bg5 Rc5 14. f4 Nc4 15. Qd3 b5 16. f5 Kh7 17. Kb1 Ng4 18. Nd5 Re8 19. Rhf1 Nce5 20. Qd2 a5 21. a3 f6 22. Bf4 Nc6 23. fxg6+ Kxg6 24. Ne3 Nxd4 25. Qxd4 Qc8 26. Nf5 a4 27. Ba2 Bxf5 28. exf5+ Qxf5 29. Rd2 e5 30. Qxd6 exf4 31. Bd5 Bf8 0-1


[Site "https://www.chess.com"]

[Event "Titled Tuesday Blitz January 31 Early 2023"]
[White "Korchmar, Vasiliy"]
[Black "Vagman, Roy"]
[WhiteFideId "24131750"]
[BlackFideId "2828995"]
[WhiteElo "2438"]
[BlackElo "2273"]
[Result "0-1"]
[Round "07"]
[TimeControl "180+2"]
[Date "2023.01.31"]
[WhiteClock "0:02:22"]
[BlackClock "0:00:06"]

1. e4 d6 2. d4 g6 3. Bd3 Bg7 4. c3 Nd7 5. Nf3 c5 6. O-O Ngf6 7. Re1 cxd4 8. cxd4 O-O 9. Nc3 Nb6 10. h3 Nfd7 11. Bg5 h6 12. Be3 e5 13. d5 f5 14. exf5 gxf5 15. Bc2 Qf6 16. g3 Nc4 17. Bc1 e4 18. Nh4 Nde5 19. Bf4 Nxb2 20. Qc1 Nbd3 21. Qd1 Nxe1 22. Qxe1 Qxh4 23. Bxe5 Qxh3 24. Bxg7 Kxg7 25. Ne2 Qg4 26. Nf4 Bd7 27. Qc3+ Kh7 28. Qc7 Rf7 29. Qxd6 Rg8 30. Kg2 Qf3+ 31. Kg1 e3 32. Rf1 exf2+ 33. Rxf2 Qxg3+ 34. Kf1 Bb5+ 35. Ne2 Qg1# 0-1


[Site "https://www.chess.com"]

[Event "Titled Tuesday Blitz January 31 Early 2023"]
[White "Bruned, Yvain"]
[Black "Yelisieiev, Yevhenii"]
[WhiteFideId "2250292"]
[BlackFideId "14139642"]
[WhiteElo "2286"]
[BlackElo "2418"]
[Result "0-1"]
[Round "07"]
[TimeControl "180+2"]
[Date "2023.01.31"]
[WhiteClock "0:00:27"]
[BlackClock "0:01:27"]

1. b3 d6 2. Bb2 Nf6 3. Bxf6 exf6 4. c4 g6 5. Nc3 Bg7 6. g3 f5 7. Bg2 O-O 8. e3 c6 9. Nge2 d5 10. cxd5 cxd5 11. Bxd5 Nc6 12. O-O Nb4 13. Bg2 Nd3 14. Qb1 Rb8 15. Nc1 Nxc1 16. Qxc1 Qd3 17. Rd1 b5 18. Bf1 Qd7 19. d4 b4 20. Na4 Rd8 21. Qc2 Bb7 22. Nc5 Qc6 23. d5 Rxd5 24. Rxd5 Qxd5 25. Nxb7 Bxa1 26. Bg2 Qe5 27. h4 h5 28. Kh2 Bc3 29. Bf3 Qc7 0-1


[Site "https://www.chess.com"]

[Event "Titled Tuesday Blitz January 31 Early 2023"]
[White "Myshakov, Fyodor"]
[Black "Weetik, Vjacheslav"]
[WhiteFideId "14111284"]
[BlackFideId "4153472"]
[WhiteElo "2292"]
[BlackElo "2423"]
[Result "0-1"]
[Round "07"]
[TimeControl "180+2"]
[Date "2023.01.31"]
[WhiteClock "0:00:13"]
[BlackClock "0:00:13"]

1. c4 g6 2. Nc3 Bg7 3. Nf3 Nf6 4. g3 c6 5. Bg2 d5 6. cxd5 cxd5 7. d4 O-O 8. O-O Ne4 9. Nxe4 dxe4 10. Ne5 Nc6 11. Nxc6 bxc6 12. Bxe4 Bxd4 13. Bxc6 Bh3 14. Re1 Qb6 15. Bg2 Bxf2+ 16. Kh1 Bxg2+ 17. Kxg2 Rfd8 18. Bd2 Bxe1 19. Qxe1 Qxb2 20. Bc3 Qb7+ 21. Kg1 Rac8 22. Be5 Rc2 23. Bf4 Qe4 24. Rd1 Rxd1 25. Qxd1 Qxe2 26. Qd8+ Kg7 27. Qd4+ f6 28. Bh6+ Kxh6 0-1


[Site "https://www.chess.com"]

[Event "Titled Tuesday Blitz January 31 Early 2023"]
[White "Rodriguez, Santiago"]
[Black "Kopczynski, Michal"]
[WhiteFideId "3000591"]
[BlackFideId "1124200"]
[WhiteElo "2252"]
[BlackElo "2225"]
[Result "1-0"]
[Round "07"]
[TimeControl "180+2"]
[Date "2023.01.31"]
[WhiteClock "0:00:29"]
[BlackClock "0:00:19"]

1. d4 Nf6 2. Bg5 Ne4 3. Bf4 g5 4. Bc1 h6 5. f3 Nf6 6. e4 d6 7. Nc3 Bg7 8. Be3 Nbd7 9. Qd2 c5 10. Nge2 cxd4 11. Nxd4 Nb6 12. h4 g4 13. O-O-O Bd7 14. h5 a6 15. f4 Qc7 16. e5 dxe5 17. fxe5 Qxe5 18. Bf4 Qa5 19. Kb1 Rc8 20. Bd3 Nc4 21. Bxc4 Rxc4 22. Rhe1 O-O 23. Nb3 Qf5 24. Bxh6 Rfc8 25. Bxg7 Kxg7 26. h6+ Kh7 27. Rxe7 Be6 28. Nd4 Rxd4 29. Qxd4 Rc4 30. Qd8 Rxc3 31. bxc3 Ne4 32. Qd4 Nf2 33. Qg7# 1-0


[Site "https://www.chess.com"]

[Event "Titled Tuesday Blitz January 31 Early 2023"]
[White "Odegov, Artem"]
[Black "Kielinkei"]
[WhiteFideId "34183644"]
[WhiteElo "2261"]
[BlackElo "2440"]
[Result "1-0"]
[Round "07"]
[TimeControl "180+2"]
[Date "2023.01.31"]
[WhiteClock "0:01:16"]
[BlackClock "0:00:15"]

1. d4 f5 2. g4 fxg4 3. h3 d5 4. hxg4 Bxg4 5. Nc3 Nf6 6. f3 Bf5 7. Bg5 Nc6 8. Bh3 Bxh3 9. Nxh3 Qd7 10. Qd2 O-O-O 11. O-O-O e6 12. a3 Be7 13. Rdg1 h6 14. Be3 g5 15. Nf2 e5 16. dxe5 Nxe5 17. Bd4 Nc4 18. Qd3 c5 19. Bxf6 Bxf6 20. Ng4 Bg7 21. Rd1 Nb6 22. Kb1 h5 23. Nf2 c4 24. Qd2 Qf5 25. Nb5 d4 26. Qa5 a6 27. Na7+ 1-0


[Site "https://www.chess.com"]